 Dungeon Crawl Stone Soup version 0.25-a0-108-gda8bd6c (webtiles) character file.

Game seed: 5144776384266047333, levelgen mode: deterministic

62 BoppinsLewinski the Poker (level 3, 0/28 HPs)
             Began as a Demonspawn Gladiator on Nov 18, 2019.
             Succumbed to an adder's poison
             ... on level 2 of the Dungeon.
             The game lasted 00:02:02 (930 turns).

BoppinsLewinski the Poker (Demonspawn Gladiator)     Turns: 930, Time: 00:02:03

Health: 0/28       AC:  2    Str: 15    XL:     3   Next: 85%
Magic:  3/3        EV: 13    Int:  9    God:
Gold:   42         SH:  0    Dex: 14    Spells: 2/2 levels left

rFire    . . .     SeeInvis .   a - +0 trident
rCold    + . .     Gourm    .   (no shield)
rNeg     . . .     Faith    .   b - +0 leather armour
rPois    .         Spirit   .   h - -2 helmet (curse)
rElec    .         Reflect  .   (no cloak)
rCorr    .         Harm     .   (no gloves)
MR       .....                  (no boots)
Stlth    +.........             (no amulet)
HPRegen  0.09/turn              (no ring)
MPRegen  0.08/turn              (no ring)

@: lethally poisoned (0 -> -7)
A: cold resistance 1, spiny 1
a: no special abilities


You were on level 2 of the Dungeon.
You were not hungry.

You visited 1 branch of the dungeon, and saw 2 of its levels.

You collected 42 gold pieces.

Inventory:

Hand Weapons
 a - a +0 trident (weapon)
Missiles
 d - a throwing net (quivered)
Armour
 b - a +0 leather armour (worn)
 h - a cursed -2 helmet (worn)
Scrolls
 e - a scroll of identify {unknown}
 g - 2 scrolls of teleportation {unknown}
Comestibles
 f - 2 rations


   Skills:
 + Level 2.5 Fighting
 * Level 3.4 Polearms
 - Level 1.7 Throwing
 + Level 1.2 Armour
 + Level 3.1 Dodging


You had 2 spell levels left.
You didn't know any spells.
Your spell library was empty.

Dungeon Overview and Level Annotations

Branches:
Dungeon (2/15)

Altars:

Annotations:
D:2 Robin


Innate Abilities, Weirdness & Mutations

Your flesh is cold resistant. (rC+)
You are partially covered in sharp spines.


Message History

Ye throw a throwin' net.
Tha throwin' net closely misses tha adder.
Tha throwin' net closely misses tha hobgoblin.
* * * LOW HITPOINT WARNIN'
* * * Ye feel sick.
Tha adder be struck by yer spines.
Tha adder closely misses ye.
Ye hit tha adder but do nay damage.
Tha adder be almost dead.
* * * LOW HITPOINT WARNIN'
* * * Ye feel sick.
Tha adder bites ye.
* * * LOW HITPOINT WARNIN'
* * * Tha adder be struck by yer spines.
Ye kill tha adder!
Tha hobgoblin closely misses ye.
Items 'ere: ( )))))) [ †††††† Unknown command.
Okay, than.
Ye ar'n't carryin' any potions.
Ye hit tha hobgoblin.
Tha hobgoblin be severely wounded.
Ye die...

#.g@ g.. ##
#g. ..gK.
.#.#
.g####..# #
#.......#
#.#.#.#####.#
#(....g@....#
#.####K###..#
#..# .#
##.##..#
#######
#.##..#
#≈≈PP.P
#..#..#
#.≈≈♣P≈
##.#..#
#P≈≈≈≈≈
#.#..# #PP≈†P
.######....#
####≈


You could see a hobgoblin and a kobold.

Vanquished Creatures
  Jessica (D:2)
  An adder (D:2)
  2 giant cockroaches (D:1)
  4 goblins (D:2)
  6 hobgoblins
  3 kobolds (D:1)
  3 bats (D:1)
  3 frilled lizards (D:1)
  3 rats
26 creatures vanquished.

Notes
Turn   | Place    | Note
-------+----------+-------------------------------------------
     0 | D:1      | BoppinsLewinski the Demonspawn Gladiator began the quest
                  | for the Orb.
     0 | D:1      | Reached XP level 1. HP: 16/16 MP: 1/1
   383 | D:1      | Gained mutation: You are partially covered in sharp spines.
                  | [demonic ancestry]
   383 | D:1      | Reached XP level 2. HP: 22/22 MP: 2/2
   896 | D:2      | Noticed Jessica
   896 | D:2      | Noticed Robin
   914 | D:2      | HP: 1/22 [Jessica/nerve-wracking pain (9)]
   917 | D:2      | Killed Jessica
   917 | D:2      | Reached skill level 1 in Armour
   917 | D:2      | Gained mutation: Your flesh is cold resistant. (rC+)
                  | [demonic ancestry]
   917 | D:2      | Reached XP level 3. HP: 20/28 MP: 3/3
   928 | D:2      | HP: 1/28 [adder (5)]
   930 | D:2      | Succumbed to an adder's poison

Levels and vault maps discovered:
D:1:      minmay_arrival_diagonal_passages, layout_loops_ring, serial_forest,
          infiniplex_forest_clump_curved, infiniplex_forest_3_way,
          infiniplex_forest_diagonal, infiniplex_forest_clump_curved,
          infiniplex_forest_straight_2, infiniplex_forest_lined_room_,
          infiniplex_forest_clump_tiny, infiniplex_forest_zigzag_1
D:2:      layout_basic, serial_bayou, serial_bayou_shore_b,
          serial_bayou_shore_a, serial_bayou_pond_d, serial_bayou_lagoon_a,
          st_stairs_4, uniq_crazy_yiuf_cottage, uniq_robin, uniq_jessica

Skill      XL: |  1  2 |
---------------+-------+-----
Polearms       | 3 |  3.4
Armour         | 1 |  1.2
Dodging        | 3 |  3.1
Fighting       | |  2.5
Throwing       | |  1.7

Action                   || total
-------------------------++-------
Melee: Trident           ||    66
Throw: Throwing net      ||     2
  Use: Potion            ||     1
 Stab: Sleeping          ||     2
Armor: Leather armour    ||     8
Dodge: Dodged            ||    35

Table legend:
 A = Non-vault XP
 B = Vault XP
 C = Vault XP percentage of total XP
 D = Non-vault monster count
 E = Vault monster count
 F = Vault count percentage of total count
                 A         B        C        D         E       F
            +---------+---------+-------+---------+---------+-------
      Total |      24 |      65 |  73.0 |      17 |       9 |  34.6
            +---------+---------+-------+---------+---------+-------
        D:1 |      23 |       0 |   0.0 |      16 |       0 |   0.0
        D:2 |       1 |      65 |  98.5 |       1 |       9 |  90.0
            +---------+---------+-------+---------+---------+-------
